 Dungeon Crawl Stone Soup version 0.25-a0-949-gdd2af9e06e (webtiles) character file.

Game seed: 7346639391419607484, levelgen mode: deterministic

35602 mortelune the Markscentaur (level 13, -4/122 HPs)
             Began as a Centaur Fighter on May 8, 2020.
             Was a High Priest of Okawaru.
             Slain by a spiny frog (23 damage)
             ... on level 5 of the Lair of Beasts.
             The game lasted 00:34:07 (22334 turns).

mortelune the Markscentaur (Centaur Fighter)       Turns: 22334, Time: 00:34:08

Health: -4/122     AC: 12    Str: 23    XL:     13   Next: 48%
Magic:  0/19       EV:  7    Int:  7    God:    Okawaru [*****.]
Gold:   689        SH:  0    Dex: 13    Spells: 12/12 levels left

rFire    + . .     SeeInvis .   b - +2 halberd (venom)
rCold    . . .     Gourm    .   (shield currently unavailable)
rNeg     . . .     Faith    .   M - +2 robe {rF+}
rPois    .         Spirit   +   (no helmet)
rElec    .         Reflect  .   q - +0 cloak
rCorr    .         Harm     .   i - +0 pair of fencer's gloves {Riposte Dex+3}
MR       .....     Clarity  +   W - +0 centaur barding {Stlth+}
Stlth    +++.......             G - amulet of guardian spirit
HPRegen  0.30/turn              v - ring of stealth
MPRegen  0.16/turn              (no ring)

@: mighty, lethally poisoned (-4 -> -8), very quick
A: large, hooves 3, blink, clarity, deformed body, speed 2, high mp 1, tough
skin 3
a: Blink, Heroism, Finesse, Renounce Religion


You were on level 5 of the Lair of Beasts.
You worshipped Okawaru.
Okawaru was extremely pleased with you.
You were hungry.

You visited 2 branches of the dungeon, and saw 17 of its levels.

You collected 1079 gold pieces.
You spent 390 gold pieces at shops.

Inventory:

Hand Weapons
 a - the +4 shortbow "Goblinslayer" {freeze, rC+ rN++ Str+6}
   (You bought it in a shop on level 5 of the Dungeon)

   It causes projectiles fired from it to freeze those they strike, causing
   extra injury to most foes and up to half again as much damage against
   particularly susceptible opponents.
   They can also slow down cold-blooded creatures.
   It affects your strength (+6).
   It protects you from cold.
   It greatly protects you from negative energy.
 b - a +2 halberd of venom (weapon)
 A - the +1 glaive "Sarcophage" {vorpal, +Inv rN+ Str-3 Int+3}
   (You bought it in a shop on level 5 of the Dungeon)

   It inflicts extra damage upon your enemies.
   It affects your strength (-3).
   It affects your intelligence (+3).
   It protects you from negative energy.
   It lets you turn invisible.
 C - the +7 long sword of Eternal Harmony {venom, Int+3}
   (You found it on level 8 of the Dungeon)

   It poisons the flesh of those it strikes.
   It affects your intelligence (+3).
 E - a +1 trident
 H - a +3 trident
 U - a +0 vorpal shortbow
Missiles
 Q - 284 arrows
Armour
 i - the +0 pair of fencer's gloves (worn) {Riposte Dex+3}
   (You found it on level 3 of the Lair of Beasts)

   It affects your dexterity (+3).
 q - a +0 cloak (worn)
 w - a +0 scale mail
 J - the +3 leather armour "Foluogri" {rElec Int+4}
   (You found it on level 8 of the Dungeon)

   It affects your intelligence (+4).
   It insulates you from electricity.
 M - a +2 robe of fire resistance (worn)
 S - a +0 chain mail
 W - a +0 centaur barding of stealth (worn)
Jewellery
 v - a ring of stealth (left hand)
 F - an uncursed ring of magical power
 G - an amulet of guardian spirit (around neck)
 K - an uncursed amulet of the gourmand
Wands
 d - a wand of disintegration (20)
 x - a wand of flame (47)
 y - a wand of iceblast (18)
 R - a wand of random effects (11)
 T - a wand of acid (9)
Scrolls
 c - 4 scrolls of vulnerability {unknown}
 h - 8 scrolls of amnesia
 j - 5 scrolls of enchant weapon
 k - 2 scrolls of enchant armour {unknown}
 n - 2 scrolls of immolation {unknown}
 o - 2 scrolls of magic mapping {unknown}
 p - 4 scrolls of remove curse
 r - 4 scrolls of blinking {unknown}
 t - 8 scrolls of teleportation
 B - 2 scrolls of fog {unknown}
 D - a scroll of silence {unknown}
 N - a scroll of fear {unknown}
 X - a scroll of random uselessness {unknown}
 Y - a scroll of torment {unknown}
Potions
 e - 5 potions of curing
 g - 2 potions of brilliance
 l - 2 potions of mutation
 s - 3 potions of flight
 u - 2 potions of stabbing
 z - a potion of cancellation
 I - 2 potions of berserk rage {unknown}
 L - 2 potions of haste {unknown}
 O - 2 potions of might
 P - a potion of ambrosia
 V - a potion of magic {unknown}
Comestibles
 f - 28 rations


   Skills:
 + Level 13.6 Fighting
 - Level 8.3 Polearms
 * Level 16.8 Bows
 * Level 2.5 Armour
   Level 2.1 Shields
 - Level 8.0 Unarmed Combat
 - Level 6.0 Invocations


You had 12 spell levels left.
You didn't know any spells.
Your spell library contained the following spells:

 Spells                   Type           Power        Failure   Level  Hunger
 Corona                   Hex            #......      43%         1    ##.....
 Foxfire                  Conj/Fire      #...         43%         1    ##.....
 Ensorcelled Hibernation  Hex/Ice        #.....       56%         2    ###....
 Confusing Touch          Hex            #.......     80%         3    ####...
 Conjure Flame            Conj/Fire      #.......     80%         3    ####...
 Dazzling Flash           Conj/Hex       #.....       80%         3    ####...
 Inner Flame              Hex/Fire       #.......     80%         3    ####...
 Recall                   Summ/Tloc      N/A          80%         3    ####...
 Tukima's Dance           Hex            #.......     80%         3    ####...
 Sticky Flame             Conj/Fire      #.......     99%         4    #####..
 Aura of Abjuration       Summ           #.........   100%        5    ######.
 Fireball                 Conj/Fire      #.........   100%        5    ######.
 Summon Demon             Summ           #.........   100%        5    ######.
 Summon Forest            Summ/Tloc      #.........   100%        5    ######.
 Summon Mana Viper        Hex/Summ       #.......     100%        5    ######.
 Shadow Creatures         Summ           N/A          100%        6    #######


Dungeon Overview and Level Annotations

Branches:
Dungeon (11/15)            Temple (0/1) D:5            Lair (6/6) D:9
 Shoals (0/4) Lair:2        Snake (0/4) Lair:4        Slime (0/5) Lair:5
    Orc: D:9-12

Altars:
Dithmenos
Fedhas
Kikubaaqudgha
Okawaru
Sif Muna
Yredelemnul
Jiyva

Shops:
D:5 (

Annotations:
D:3 Sigmund
Lair:2 Erica, Fannar


Innate Abilities, Weirdness & Mutations

You have hooves in place of feet.
Armour fits poorly on your strangely shaped body.
You cover ground very quickly.
You have extremely tough skin. (AC +3)
You can translocate small distances at will.
You possess an exceptional clarity of mind.
You have an increased reservoir of magic. (+10% MP)


Message History

* * * LOW HITPOINT WARNING * * *
You feel much better.
You feel sick. The spiny frog stings you.
* * * LOW HITPOINT WARNING * * *
The spiny frog stings you.
* * * LOW HITPOINT WARNING * * *
You barely miss the spiny frog.
The spiny frog is heavily wounded.
You feel sick. The spiny frog stings you!!
* * * LOW HITPOINT WARNING * * *
You feel much better.
You feel sick. The spiny frog barely misses you.
You riposte.
You slash the spiny frog! You kick the spiny frog.
The spiny frog is almost dead.
Okay, then.
You feel very mighty all of a sudden.
You feel sick. The spiny frog stings you!
* * * LOW HITPOINT WARNING * * *
You barely miss the spiny frog.
The spiny frog is almost dead.
You feel sick. The spiny frog stings you!!
You die...

......#.#...#P......#.##.....##
.....###.#..........####.....#
......##..................#..##
......#......................P#
.......#....#.....###......#.##
.....####.####...........P....#
......########....####....#...##
......#.##...#..††##.#P..#.....#
...............÷@.............##
.................F...........##
.............................##
.............................P#
.............................##
#.....##...##.................#
......PPPP.##........_.......##
............#........>...##...#
............##...............##


You could see a spiny frog.

Vanquished Creatures
  6 hydras
  A catoblepas (Lair:2)
  3 two-headed ogres
  6 death yaks (Lair:5)
  Sonja (Lair:2)
  Nergalle (Lair:2)
  An ugly thing (D:11)
  A cyclops (D:11)
  4 black mambas
  7 spiny frogs
  A rime drake (Lair:2)
  2 komodo dragons
  A troll (D:11)
  2 polar bears
  A hornet (Lair:1)
  22 blink frogs
  6 dream sheep (Lair:5)
  5 hippogriffs
  A snapping turtle (Lair:2)
  21 yaks
  A vampire (D:10)
  3 wyverns
  3 basilisks
  A vampire mosquito (Lair:6)
  Menkaure (D:4)
  7 nagas (Lair:4)
  10 water moccasins
  6 orc warriors
  5 porcupines
  A slave (D:4)
  An ice beast (D:10)
  A black bear (D:6)
  A sky beast (D:8)
  A necrophage (D:10)
  5 ogres
  5 centaurs
  9 crocodiles
  A big kobold (D:11)
  16 bullfrogs
  A gnoll sergeant (D:7)
  A wyvern skeleton (D:11)
  3 scorpions
  10 killer bees (D:7)
  2 howler monkeys (D:11)
  3 crimson imps
  A jelly (D:10)
  2 bullfrog zombies
  A quasit (D:6)
  2 hounds
  3 orc priests
  A bullfrog skeleton (D:7)
  2 iguanas
  13 orc wizards
  3 worker ants
  2 hell rats (Lair:4)
  11 gnolls
  5 adders
  7 river rats (Lair:4)
  2 shadow imps
  2 adder skeletons
  2 worms (D:2)
  2 dart slugs
  7 leopard geckos
  34 orcs
  9 bats
  6 giant cockroaches
  4 goblins (D:1)
  3 hobgoblins
  17 jackals
  9 kobolds
  2 quokkas (D:5)
  3 ball pythons
  5 frilled lizards
  A jackal zombie (D:5)
  6 rats
  A fungus (Lair:5)
  A plant (Lair:4)
360 creatures vanquished.

Vanquished Creatures (others)
  9 fungi
  10 plants
19 creatures vanquished.

Grand Total: 379 creatures vanquished

Notes
Turn   | Place    | Note
-------+----------+-------------------------------------------
     0 | D:1      | mortelune the Centaur Fighter began the quest for the Orb.
     0 | D:1      | Reached XP level 1. HP: 19/19 MP: 1/1
   180 | D:1      | Reached XP level 2. HP: 26/26 MP: 2/2
   872 | D:2      | Reached XP level 3. HP: 31/31 MP: 3/3
   906 | D:2      | Found a basalt altar of Yredelemnul.
  1995 | D:3      | Reached XP level 4. HP: 40/40 MP: 4/4
  2291 | D:3      | Found a shimmering blue altar of Sif Muna.
  2291 | D:3      | Found a blossoming altar of Fedhas.
  2294 | D:3      | Found an ancient bone altar of Kikubaaqudgha.
  2336 | D:3      | Noticed Sigmund
  2787 | D:4      | Noticed an ogre
  2841 | D:4      | Killed an ogre
  2841 | D:4      | Reached skill level 5 in Fighting
  2841 | D:4      | Reached XP level 5. HP: 30/48 MP: 5/5
  3008 | D:4      | Noticed an ogre
  3038 | D:4      | Killed an ogre
  3038 | D:4      | Reached XP level 6. HP: 20/56 MP: 6/6
  3333 | D:4      | Noticed a slave
  3353 | D:4      | Killed a slave
  3816 | D:4      | Noticed Menkaure
  3827 | D:4      | Killed Menkaure
  4212 | D:5      | Entered Level 5 of the Dungeon
  4246 | D:5      | Reached skill level 5 in Polearms
  4267 | D:5      | Reached XP level 7. HP: 24/63 MP: 7/7
  4612 | D:5      | Found an iron altar of Okawaru.
  4625 | D:5      | Found a staircase to the Ecumenical Temple.
  4636 | D:5      | Became a worshipper of Warmaster Okawaru
  4811 | D:5      | Found Woibrut's Antique Weapon Shop.
  4814 | D:5      | Bought a scorched shortbow for 160 gold pieces
  4815 | D:5      | Identified the +4 shortbow "Goblinslayer" {freeze, rC+ rN++
                  | Str+6} (You bought it in a shop on level 5 of the Dungeon)
  5501 | D:5      | Reached skill level 1 in Unarmed Combat
  5781 | D:6      | Got a shimmering robe
  5975 | D:6      | Identified the +1 robe of Gozag's Regard {MR+ Str-5 Dex+4}
                  | (You found it on level 6 of the Dungeon)
  6263 | D:6      | Reached * piety under Okawaru
  6786 | D:7      | Reached XP level 8. HP: 60/71 MP: 6/8
  7286 | D:7      | Found a shadowy altar of Dithmenos.
  7330 | D:7      | Noticed a hippogriff
  7347 | D:7      | Killed a hippogriff
  7569 | D:7      | Reached ** piety under Okawaru
  8087 | D:7      | Reached skill level 5 in Unarmed Combat
  8617 | D:7      | Reached XP level 9. HP: 78/81 MP: 9/9
  9208 | D:5      | Bought a steaming glaive for 230 gold pieces
  9208 | D:5      | Identified the +1 glaive "Sarcophage" {vorpal, +Inv rN+
                  | Str-3 Int+3} (You bought it in a shop on level 5 of the
                  | Dungeon)
  9726 | D:8      | Got an iridescent long sword
  9752 | D:8      | Identified the +7 long sword of Eternal Harmony {venom,
                  | Int+3} (You found it on level 8 of the Dungeon)
 10055 | D:8      | Noticed a two-headed ogre
 10059 | D:8      | Killed a two-headed ogre
 10059 | D:8      | Reached *** piety under Okawaru
 10519 | D:8      | Received a gift from Okawaru
 10618 | D:8      | Got a polished leather armour
 10629 | D:8      | Identified the +3 leather armour "Foluogri" {rElec Int+4}
                  | (You found it on level 8 of the Dungeon)
 10961 | D:9      | Found a staircase to the Lair.
 10962 | D:9      | Noticed a komodo dragon
 11129 | D:9      | Reached XP level 10. HP: 91/91 MP: 10/10
 11322 | D:10     | Entered Level 10 of the Dungeon
 11935 | D:10     | Noticed a two-headed ogre
 11953 | D:10     | Killed a two-headed ogre
 11953 | D:10     | Reached **** piety under Okawaru
 11953 | D:10     | Reached skill level 10 in Fighting
 12029 | D:10     | Reached skill level 1 in Bows
 12133 | D:10     | Reached skill level 2 in Bows
 12452 | D:10     | Reached skill level 3 in Bows
 12588 | D:10     | Reached skill level 4 in Bows
 13022 | D:11     | Reached skill level 5 in Bows
 13243 | D:11     | Noticed a white ugly thing
 13303 | D:11     | Killed a white ugly thing
 13303 | D:11     | Received a gift from Okawaru
 13303 | D:11     | Reached skill level 6 in Bows
 13336 | D:11     | Noticed a two-headed ogre
 13353 | D:11     | Killed a two-headed ogre
 13353 | D:11     | Reached ***** piety under Okawaru
 13353 | D:11     | Received a gift from Okawaru
 13353 | D:11     | Reached skill level 7 in Bows
 13423 | D:11     | Noticed a six-headed hydra
 13437 | D:11     | Killed a six-headed hydra
 13437 | D:11     | Received a gift from Okawaru
 13437 | D:11     | Reached skill level 8 in Bows
 13437 | D:11     | Reached XP level 11. HP: 98/102 MP: 11/11
 14132 | D:11     | Reached skill level 9 in Bows
 14301 | D:11     | Received a gift from Okawaru
 14406 | D:11     | Noticed a seven-headed hydra
 14412 | D:11     | Killed a seven-headed hydra
 14624 | D:9      | Reached skill level 10 in Bows
 14755 | Lair:1   | Entered Level 1 of the Lair of Beasts
 14866 | Lair:1   | Received a gift from Okawaru
 15205 | Lair:1   | Reached skill level 11 in Bows
 15535 | Lair:1   | Received a gift from Okawaru
 15760 | Lair:2   | Noticed Erica
 16008 | Lair:2   | Noticed Sonja
 16014 | Lair:2   | Killed Sonja
 16354 | Lair:2   | Gained mutation: Your body sometimes deteriorates upon
                  | taking damage. [potion of mutation]
 16354 | Lair:2   | Gained mutation: Your flesh is cold resistant. (rC+)
                  | [potion of mutation]
 16355 | Lair:2   | Lost mutation: Your body sometimes deteriorates upon taking
                  | damage. [potion of mutation]
 16355 | Lair:2   | Lost mutation: Your flesh is cold resistant. (rC+) [potion
                  | of mutation]
 16355 | Lair:2   | Gained mutation: You possess an exceptional clarity of
                  | mind. [potion of mutation]
 16355 | Lair:2   | Gained mutation: You can translocate small distances at
                  | will. [potion of mutation]
 16355 | Lair:2   | Gained mutation: You have an increased reservoir of magic.
                  | (+10% MP) [potion of mutation]
 16428 | Lair:2   | Received a gift from Okawaru
 16428 | Lair:2   | Reached skill level 1 in Invocations
 16460 | Lair:2   | Reached skill level 12 in Bows
 16647 | Lair:2   | Noticed Fannar
 16647 | Lair:2   | Noticed Nergalle
 16933 | Lair:1   | Reached XP level 12. HP: 73/112 MP: 7/15
 17304 | Lair:2   | Killed Nergalle
 17431 | Lair:2   | Found a staircase to the Shoals.
 17668 | Lair:3   | Noticed a catoblepas
 17710 | Lair:2   | Killed a catoblepas
 17710 | Lair:2   | Reached skill level 13 in Bows
 17821 | Lair:2   | Received a gift from Okawaru
 18058 | Lair:3   | Found the +0 pair of fencer's gloves {Riposte Dex+3}
 18112 | Lair:3   | Received a gift from Okawaru
 18573 | Lair:3   | Noticed a six-headed hydra
 18591 | Lair:3   | Killed a six-headed hydra
 18591 | Lair:3   | Received a gift from Okawaru
 18879 | Lair:4   | Reached skill level 14 in Bows
 18896 | Lair:4   | Reached ****** piety under Okawaru
 18929 | Lair:4   | Reached skill level 5 in Invocations
 19083 | Lair:4   | Found a staircase to the Snake Pit.
 19276 | Lair:4   | Received a gift from Okawaru
 20054 | Lair:5   | Noticed a death yak
 20054 | Lair:5   | Noticed a death yak
 20058 | Lair:5   | Noticed a death yak
 20062 | Lair:5   | Killed a death yak
 20063 | Lair:5   | Noticed a death yak
 20095 | Lair:5   | Killed a death yak
 20095 | Lair:5   | Reached skill level 15 in Bows
 20109 | Lair:5   | Killed a death yak
 20115 | Lair:5   | Killed a death yak
 20115 | Lair:5   | Reached XP level 13. HP: 99/122 MP: 11/19
 20669 | Lair:5   | Received a gift from Okawaru
 20892 | Lair:5   | Reached skill level 16 in Bows
 21218 | Lair:5   | Received a gift from Okawaru
 21607 | Lair:5   | Found a viscous altar of Jiyva.
 21607 | Lair:5   | Found a staircase to the Slime Pits.
 21889 | Lair:6   | Entered Level 6 of the Lair of Beasts
 21950 | Lair:6   | Received a gift from Okawaru
 22329 | Lair:5   | HP: 5/122 [spiny frog (14)]
 22334 | Lair:5   | Slain by a spiny frog

Levels and vault maps discovered:
D:1:      erik_arrival_cave_to_civilisation [erik_arrival_cave_to_hall],
          layout_basic, chequers_serial_rivers_micro_b
D:2:      layout_basic, yredelemnul_altar_generic
D:3:      layout_basic, grunt_temple_overflow_open, uniq_sigmund
D:4:      layout_loops_corners, first_ration, uniq_pikel, uniq_menkaure
D:5:      layout_basic, lemuel_doored_altar,
          minmay_temple_entry_statues_fountains, serial_shops,
          kennysheep_mini_moat, minmay_holes
D:6:      layout_basic, fountainhead
D:7:      layout_basic, lemuel_round_altar
D:8:      layout_loops_ring
D:9:      layout_loops_cross, david_lair_shrubbed
D:10:     minmay_spotlight, layout_irregular_city
D:11:     layout_loops_ring
Lair:1:   layout_chaotic_city
Lair:2:   layout_small_grid, minmay_shoals_entry_hut, beast_lair_carwin_3,
          minmay_lair_oklob_chamber, uniq_erica, uniq_fannar, uniq_sonja,
          uniq_nergalle
Lair:3:   layout_chaotic_city
Lair:4:   layout_roguey, minmay_snake_entry_guardpost_large, serial_rivers,
          chequers_serial_rivers_micro_e, chequers_serial_rivers_marsh,
          chequers_serial_rivers_room_a, chequers_serial_rivers_large_b,
          chequers_serial_rivers_small_a, kennysheep_rathole, lemuel_fruit_tree
Lair:5:   layout_regular_city, slime_altar_1
Lair:6:   minmay_lair_end_frog_pond, layout_hall_layers, patterned_corridor

Skill      XL: |  1  2  3  4  5  6  7  8  9 10 11 12 13 |
---------------+----------------------------------------+-----
Polearms       | 2 3 4 5 7 8 |  8.3
Fighting       | 4 5 6 8 9 11 12 13 | 13.6
Unarmed Combat | 2 5 7 8 |  8.0
Bows           | 8 12 15 16 | 16.8
Invocations    | 2 6 |  6.0
Armour         | |  2.5
Shields        | |  2.1

Action                   |  1- 3 |  4- 6 |  7- 9 | 10-12 | 13-15 || total
-------------------------+-------+-------+-------+-------+-------++-------
Melee: Trident           |   118 |   141 |   210 |       |       ||   469
       Kick              |    15 |    25 |    41 |    38 |    18 ||   137
       Punch             |       |       |     2 |       |       ||     2
       Halberd           |       |       |       |    89 |    34 ||   123
 Fire: Shortbow          |       |       |   160 |   603 |   183 ||   946
Invok: Heroism           |       |       |     5 |    12 |     2 ||    19
       Finesse           |       |       |       |     1 |     2 ||     3
  Use: Scroll            |       |       |    12 |     6 |       ||    18
       Potion            |       |       |     4 |     3 |     3 ||    10
  Eat: Chunk             |     2 |     6 |    13 |    22 |     5 ||    48
       Ration            |       |       |     2 |       |       ||     2
Armor: Scale mail        |    36 |    41 |   116 |       |       ||   193
       Robe              |       |       |    13 |    17 |    31 ||    61
       Leather armour    |       |       |     1 |    38 |       ||    39
Dodge: Dodged            |    18 |    26 |   124 |    74 |    32 ||   274
Block: Kite shield       |    49 |    35 |     4 |       |       ||    88
       Rpst.: Halberd    |       |       |       |     7 |     7 ||    14
       Shortbow          |       |       |       |       |     1 ||     1

Table legend:
 A = Non-vault XP
 B = Vault XP
 C = Vault XP percentage of total XP
 D = Non-vault monster count
 E = Vault monster count
 F = Vault count percentage of total count
                 A         B        C        D         E       F
            +---------+---------+-------+---------+---------+-------
      Total |   44798 |    6063 |  11.9 |     322 |      35 |   9.8
            +---------+---------+-------+---------+---------+-------
        D:1 |      40 |       0 |   0.0 |      22 |       0 |   0.0
        D:2 |      36 |       0 |   0.0 |      13 |       0 |   0.0
        D:3 |      96 |       0 |   0.0 |      12 |       0 |   0.0
        D:4 |     327 |     172 |  34.5 |      20 |       1 |   4.8
        D:5 |     220 |       0 |   0.0 |      10 |       0 |   0.0
        D:6 |     576 |       0 |   0.0 |       9 |       0 |   0.0
        D:7 |    1811 |       0 |   0.0 |      53 |       0 |   0.0
        D:8 |    2145 |       0 |   0.0 |      20 |       0 |   0.0
        D:9 |     510 |     355 |  41.0 |      12 |       1 |   7.7
       D:10 |    2539 |     289 |  10.2 |      25 |       2 |   7.4
       D:11 |    5677 |       0 |   0.0 |      26 |       0 |   0.0
     Lair:1 |    3847 |       0 |   0.0 |      17 |       0 |   0.0
     Lair:2 |    3977 |    2344 |  37.1 |      12 |       7 |  36.8
     Lair:3 |    4039 |       0 |   0.0 |      14 |       0 |   0.0
     Lair:4 |    1656 |    1305 |  44.1 |       9 |      18 |  66.7
     Lair:5 |   16279 |     596 |   3.5 |      44 |       3 |   6.4
     Lair:6 |    1023 |    1002 |  49.5 |       4 |       3 |  42.9
            +---------+---------+-------+---------+---------+-------
